 Dungeon Crawl Stone Soup version 0.30.1-6-gbe392663c4 (webtiles) character file.

Game seed: 2036331011424312831

579 Cheops the Caller (level 7, -7/46 HPs)
             Began as a Merfolk Summoner on Sept 21, 2023.
             Killed from afar by a steam dragon (12 damage)
             ... with a ball of steam
             ... on level 5 of the Dungeon.
             The game lasted 00:22:56 (5034 turns).

Cheops the Caller (Merfolk Summoner)                Turns: 5034, Time: 00:22:56

Health: -7/46      AC:  7    Str:  8    XL:     7   Next: 36%
Magic:  8/11       EV: 13    Int: 17    God:
Gold:   233        SH:  0    Dex: 14    Spells: 2/12 levels left

rFire   . . .        a - +0 spear
rCold   . . .        (no shield)
rNeg    . . .        i - +0 robe
rPois   .            t - +0 helmet
rElec   .            q - +0 cloak
rCorr   .            p - +1 pair of gloves
SInv    .            r - +0 pair of boots
Will    .....        (no amulet)
Stlth   ++           (no ring)
HPRegen 0.27/turn    (no ring)
MPRegen 0.12/turn

%: no passive effects
@: studying Polearms
A: (nimble swimmer 2), mertail
a: no special abilities


You were on level 5 of the Dungeon.
You visited 2 branches of the dungeon, and saw 6 of its levels.

You collected 233 gold pieces.

Inventory:

Hand Weapons
 a - a +0 spear (weapon)
Armour
 i - a +0 robe (worn)
 j - a +0 leather armour
 p - a +1 pair of gloves (worn)
 q - a +0 cloak (worn)
 r - a +0 pair of boots (worn)
 t - a +0 helmet (worn)
 v - the +0 chain mail of Hedge Wizardry {rElec rPois Str+2 SInv}
   (You found it on level 4 of the Dungeon)

   Str:       It affects your strength (+2).
   rElec:     It insulates you from electricity.
   rPois:     It protects you from poison.
   SInv:      It lets you see invisible.
Magical Staves
 b - a staff of poison
Scrolls
 c - 2 scrolls of immolation {unknown}
 k - 3 scrolls of blinking {unknown}
 l - 2 scrolls of noise {unknown}
 m - a scroll of amnesia {unknown}
 o - a scroll of magic mapping {unknown}
 u - a scroll of fog
 w - a scroll of enchant armour
Potions
 d - a potion of curing {unknown}
 e - 2 potions of might {unknown}
 f - a potion of degeneration {unknown}
 h - a potion of mutation
 n - a potion of lignification
 x - a potion of magic


   Skills:
 + Level 1.7 Polearms
 * Level 1.0 Armour
 * Level 3.4 Dodging
 - Level 2.1 Stealth
 - Level 3.0 Spellcasting
 - Level 6.0 Summonings
 - Level 4.0 Air Magic


You had 2 spell levels left.
You knew the following spells:

 Your Spells              Type           Power      Damage    Failure   Level
C - Call Canine Familiar  Summ           22%        N/A       4%          3
I - Call Imp              Summ           44%        N/A       2%          2
L - Summon Lightning Spi  Summ/Air       19%        N/A       22%         4
M - Summon Small Mammal   Summ           88%        N/A       1%          1

Your spell library contained the following spells:

 Spells                   Type           Power      Damage    Failure   Level
 Sublimation of Blood     Necr           2%         N/A       26%         2
 Wereblood                Tmut           2%         N/A       26%         2
 Summon Guardian Golem    Hex/Summ       12%        N/A       16%         3
 Inner Flame              Hex/Fire       2%         N/A       45%         3
 Flame Wave               Conj/Fire      2%         2d4       86%         4
 Sticky Flame             Conj/Fire      2%         2d3       86%         4
 Summon Hydra             Summ           11%        N/A       100%        7


Dungeon Overview and Level Annotations

Branches:
Dungeon (5/15)             Temple (1/1) D:4

Altars:
Gozag
Hepliaklqana
Kikubaaqudgha
Makhleb
Nemelex Xobeh
Okawaru
Ru

Annotations:
D:2 !ogre, exclusion: ogre


Innate Abilities, Weirdness & Mutations

((You are very nimble when in or above water. (Stealth+, EV+, Speed+++)))
Your lower body shifts to a powerful aquatic tail in water.


Message History

The ball of steam hits your lightning spire.
Your lightning spire resists.
The ball of steam hits you!
* * * LOW HITPOINT WARNING * * *
Your hound bites the steam dragon.
The steam dragon bites your lightning spire.
The steam dragon claws your lightning spire but does no damage.
Your lightning spire shoots out a bolt of lightning at the steam dragon!
The bolt of electricity misses the steam dragon.
The bolt of electricity hits the steam dragon!
There is a stone staircase leading up here.
Your hound closely misses the steam dragon.
Your hound bites the steam dragon but does no damage.
The steam dragon bites your lightning spire.
The steam dragon claws your lightning spire but does no damage.
Reach: a) +0 spear
Press: ? - help, Dir - move target, f/p - steam dragon
Aim: a steam dragon (moderately wounded, ally target, about 40% to evade your +0 spear)
You could not reach far enough!
Your hound bites the steam dragon but does no damage.
The steam dragon bites your lightning spire but does no damage.
The steam dragon claws your lightning spire.
Your lightning spire is destroyed!
Your lightning spire disappears in a puff of smoke!
Reach: a) +0 spear
Press: ? - help, Dir - move target, f/p - steam dragon
Aim: a steam dragon (moderately wounded, ally target, about 40% to evade your +0 spear)
You reach to attack!
You closely miss the steam dragon.
The steam dragon is moderately wounded.
You are engulfed in a cloud of scalding steam.
* * * LOW HITPOINT WARNING * * *
Your hound closely misses the steam dragon.
Your hound barely misses the steam dragon.
The steam dragon breathes steam at you. The ball of steam hits you!
* * * LOW HITPOINT WARNING * * *
Your hound completely misses the steam dragon.
The steam dragon breathes steam at you. The ball of steam hits you!
You die...

.. .... . .... #.
####+####... ####.
#.........# ###
......#.........#...#
......#..§....).'...
......Dh.§......#
......#§§...)...#
##.####.@§......#
#....§.#######
#....§§# #......#
#......# #....###
#....# +....' #....#


You could see a steam dragon (catching breath, ally target) and a friendly hound
(summoned).

Vanquished Creatures
  An iguana (D:4)
  A worm (D:2)
  2 dart slugs (D:1)
  4 orcs
  A ball python (D:4)
  4 endoplasms
  3 hobgoblins
  3 jackals (D:3)
  3 frilled lizards
  7 goblins
  3 kobolds
  2 rats (D:3)
34 creatures vanquished.

Vanquished Creatures (collateral kills)
  Grinder (D:4)
  A black bear (D:3)
  A jelly (D:3)
  2 orc priests
  2 orc wizards
  Robin (D:4)
  An adder (D:3)
  3 ufetubi (D:4)
  2 worms
  2 dart slugs
  8 orcs
  2 bats
  2 giant cockroaches (D:2)
  6 goblins
  8 hobgoblins
  A jackal (D:3)
  5 kobolds
  3 quokkas
  2 ball pythons (D:4)
  2 rats
55 creatures vanquished.

Grand Total: 89 creatures vanquished

Notes
Turn   | Place    | Note
-------+----------+-------------------------------------------
     0 | D:1      | Cheops the Merfolk Summoner began the quest for the Orb.
     0 | D:1      | Reached XP level 1. HP: 13/13 MP: 3/3
   467 | D:1      | Reached XP level 2. HP: 19/19 MP: 1/5
   604 | D:1      | Learned a level 2 spell: Call Imp
  1310 | D:2      | Reached XP level 3. HP: 24/24 MP: 3/7
  1314 | D:2      | Learned a level 3 spell: Call Canine Familiar
  1596 | D:2      | Noticed an ogre
  1852 | D:3      | Found a faded altar of an unknown god.
  1861 | D:3      | Noticed a black bear
  1882 | D:3      | Killed a black bear
  1883 | D:3      | Reached skill level 5 in Summonings
  1883 | D:3      | Reached XP level 4. HP: 12/30 MP: 0/8
  1883 | D:3      | Reached XP level 5. HP: 14/35 MP: 0/9
  2024 | D:3      | Learned a level 4 spell: Summon Lightning Spire
  2100 | D:3      | Reached skill level 6 in Summonings
  2295 | D:3      | Reached skill level 1 in Air Magic
  3204 | D:4      | Reached XP level 6. HP: 38/41 MP: 10/10
  3247 | D:4      | Found a staircase to the Ecumenical Temple.
  3256 | Temple   | Entered the Ecumenical Temple
  3835 | D:4      | Noticed Grinder
  3837 | D:4      | Identified the +0 chain mail of Hedge Wizardry {rElec rPois
                  | Str+2 SInv}
  3837 | D:4      | Paralysed by Grinder for 5 turns
  3868 | D:4      | Paralysed by Grinder for 2 turns
  3868 | D:4      | Killed Grinder
  3869 | D:4      | Reached XP level 7. HP: 27/46 MP: 4/11
  4091 | D:4      | Noticed Robin
  4103 | D:4      | Killed Robin
  4454 | D:4      | Reached skill level 1 in Polearms
  4849 | D:5      | Entered Level 5 of the Dungeon
  4955 | D:5      | Reached skill level 1 in Armour
  5020 | D:5      | Noticed a steam dragon
  5034 | D:5      | Killed from afar by a steam dragon

Illustrated notes

Levels and vault maps discovered:
D:1:      evilmike_arrival_rings, layout_basic, hex_tiny, nicolae_wormholes
D:2:      layout_basic, kennysheep_generic_room_15
D:3:      kennysheep_six_static_rooms, layout_basic,
          ebering_ecumenical_altar_rust
D:4:      layout_basic, minmay_temple_entry_wispy, hangedman_minor_gate_pass,
          uniq_grinder, uniq_robin
D:5:      minmay_general_purpose_star, layout_gridville, lemuel_tele_altar,
          grunt_temple_overflow_open, uniq_prince_ribbit1
Temple:   nicolae_temple_little_seven

Skill      XL: |  1  2  3  4  5  6  7 |
---------------+----------------------+-----
Spellcasting   | 3 |  3.0
Summonings     | 5 6 |  6.0
Air Magic      | 1 3 4 |  4.0
Polearms       | 1 |  1.7
Dodging        | 3 |  3.4
Armour         | 1 |  1.0
Stealth        | |  2.1

Action                     |  1- 3 |  4- 6 |  7- 9 || total
---------------------------+-------+-------+-------++-------
  Melee: Unarmed           |    16 |       |       ||    16
         Dagger            |    39 |    44 |       ||    83
         Mace              |    12 |       |       ||    12
         Punch             |     2 |     1 |       ||     3
         Staff             |       |    44 |    19 ||    63
         Spear             |       |       |    18 ||    18
   Cast: Summon Small Mamm |    19 |       |       ||    19
         Call Imp          |     9 |     8 |     1 ||    18
         Call Canine Famil |     5 |     9 |     4 ||    18
         Summon Lightning  |       |     2 |     3 ||     5
    Use: Scroll            |       |       |     4 ||     4
   Stab: Sleeping          |     2 |     5 |       ||     7
         Distracted        |     2 |     3 |       ||     5
 Armour: Robe              |     7 |    34 |    21 ||    62
         Leather armour    |    20 |       |       ||    20
  Dodge: Dodged            |    57 |    65 |    29 ||   151
